 Dungeon Crawl Stone Soup version 0.27-a0-1319-geec4fb4e21 (webtiles) character file.

Game seed: 13282200314114199324

2968 Gwenloh the Cleaver (level 9, -12/74 HPs)
             Began as a Minotaur Fighter on June 21, 2021.
             Was a Follower of Uskayaw.
             Mangled by a sun demon (23 damage)
             ... summoned by an orc sorcerer
             ... while paralysed by an orc sorcerer
             ... in a bailey.
             The game lasted 00:19:50 (8599 turns).

Gwenloh the Cleaver (Minotaur Fighter)              Turns: 8599, Time: 00:19:50

Health: -12/74     AC: 11    Str: 22    XL:     9   Next: 52%
Magic:  2/8        EV:  2    Int:  5    God:    Uskayaw [*.....]
Gold:   307        SH:  0    Dex: 18    Spells: 8/8 levels left

rFire    . . .     SeeInvis .   a - +3 war axe
rCold    . . .     Faith    +   o - +2 buckler {rN+}
rNeg     + . .     Spirit   .   b - +0 scale mail
rPois    .         Reflect  .   (helmet restricted)
rElec    .         Harm     .   i - +0 cloak
rCorr    .         Rampage  .   v - +0 pair of gloves
Will     .....                  C - +0 pair of boots
Stlth    ..........             u - amulet of faith
HPRegen  0.22/turn              c - +6 ring of dexterity
MPRegen  0.11/turn              (no ring)

@: paralysed, mighty, hasted
A: horns 2, retaliatory headbutt
a: Renounce Religion, Stomp


You were in a bailey.
You worshipped Uskayaw.
Uskayaw was noncommittal.
You visited 2 branches of the dungeon, and saw 9 of its levels.
You also visited: Bailey.

You collected 343 gold pieces.
You spent 36 gold pieces at shops.

Inventory:

Hand Weapons
 a - a +3 war axe (weapon)
Missiles
 e - 122 stones
 j - 2 curare-tipped darts
 m - 25 bolts
 n - 14 boomerangs
 r - 45 sling bullets
 s - 37 poisoned darts (quivered)
Armour
 b - a +0 scale mail (worn)
 i - a +0 cloak (worn)
 o - a +2 buckler of positive energy (worn)
 v - a +0 pair of gloves (worn)
 C - a +0 pair of boots (worn)
Jewellery
 c - a +6 ring of dexterity (left hand)
 f - a ring of wizardry
 u - an amulet of faith (around neck)
 E - an amulet of the acrobat
Wands
 t - a wand of acid (3)
Scrolls
 p - 4 scrolls of fear
 x - 3 scrolls of noise
 y - 2 scrolls of immolation
 B - a scroll of fog
 D - 3 scrolls of summoning
Potions
 d - 2 potions of might
 g - 2 potions of invisibility {unknown}
 h - 2 potions of flight
 k - a potion of magic
 l - a potion of curing
 q - 4 potions of brilliance
 w - 2 potions of mutation {unknown}
 z - 2 potions of heal wounds {unknown}
 A - a potion of berserk rage
 F - a potion of haste


   Skills:
 + Level 5.5 Fighting
 * Level 13.7 Axes
 + Level 5.5 Armour
 + Level 5.5 Shields


You had 8 spell levels left.
You didn't know any spells.
Your spell library contained the following spells:

 Spells                   Type           Power      Damage    Failure   Level
 Apportation              Tloc           0%         N/A       78%         1
 Shock                    Conj/Air       0%         1d3       78%         1
 Summon Small Mammal      Summ           0%         N/A       78%         1
 Call Imp                 Summ           0%         N/A       89%         2
 Static Discharge         Conj/Air       0%         N/A       89%         2
 Call Canine Familiar     Summ           0%         N/A       98%         3
 Lesser Beckoning         Tloc           0%         N/A       98%         3
 Summon Guardian Golem    Hex/Summ       0%         N/A       98%         3
 Swiftness                Air            0%         N/A       98%         3
 Tukima's Dance           Hex            0%         N/A       98%         3
 Airstrike                Air            0%         N/A       100%        4
 Summon Ice Beast         Ice/Summ       0%         N/A       100%        4
 Summon Lightning Spire   Summ/Air       0%         N/A       100%        4
 Alistair's Intoxication  Tmut/Pois      0%         N/A       100%        5
 Lightning Bolt           Conj/Air       0%         1d11      100%        5
 Invisibility             Hex            0%         N/A       100%        6


Dungeon Overview and Level Annotations

Branches:
Dungeon (8/15)             Temple (1/1) D:7          Bailey (1/1)
   Lair: D:8-11

Altars:
Ashenzari
Cheibriados
Dithmenos
Fedhas
Gozag
Makhleb
Nemelex Xobeh
Okawaru
Qazlal
Sif Muna
Trog
Uskayaw
Xom
Yredelemnul
Zin

Shops:
D:1 *

Annotations:
D:5 3 runed translucent doors, sanka's ghost, novice OpMo
D:8 Pikel


Innate Abilities, Weirdness & Mutations

You have a pair of horns on your head.
You reflexively headbutt those who attack you in melee.


Message History

You kill the smoke demon!
You are engulfed in a cloud of scalding steam.
You closely miss the orc sorcerer.
You headbutt the orc sorcerer, but do no damage.
The orc sorcerer is lightly wounded.
You are engulfed in a cloud of scalding steam.
The orc sorcerer gestures at you while chanting.
You suddenly lose the ability to move!
The orc sorcerer hits you with a +0 war axe. x2
You can no longer pass through a line of other dancers.
The orc sorcerer hits you with a +0 war axe.
The orc sorcerer hits you but does no damage.
The orc sorcerer hits you with a +0 war axe. x2
The orc sorcerer gestures at you while chanting.
You shrug off the repeated paralysis!
You can move again.
You completely miss the orc sorcerer.
The orc sorcerer is lightly wounded.
The orc sorcerer barely misses you.
You barely miss the orc sorcerer.
The orc sorcerer is lightly wounded.
The orc sorcerer hits you with a +0 war axe!
* * * LOW HITPOINT WARNING * * *
You slash the orc sorcerer! Your headbutt misses the orc sorcerer.
The orc sorcerer is heavily wounded.
The orc sorcerer hits you with a +0 war axe.
* * * LOW HITPOINT WARNING * * *
You feel yourself speed up.
The orc sorcerer gestures wildly while chanting.
Okay, then.
You stomp with the beat, sending a shockwave through the revellers around you!
The orc sorcerer is severely wounded.
You stomp with the beat, sending a shockwave through the revellers around you!
The orc sorcerer is severely wounded.
You can no longer stomp with the beat.
The orc sorcerer casts a spell at you.
You suddenly lose the ability to move!
You can now stomp with the beat.
The sun demon hits you!!
You die...

g..o..+ ...8.# ....#
###38.# #######.o...#
#.....#...8.#
#.....#.....#
#..⌠..#).####
+....@o..# +.....3..#
#####'''#####
#...........#
######≈≈≈≈...≈≈≈≈######
≈≈≈≈≈≈≈≈≈≈...≈≈≈≈≈≈≈≈≈≈
≈≈≈≈≈≈≈≈≈≈...≈≈≈≈≈≈≈≈≈≈
≈≈≈≈≈≈≈≈≈≈...≈≈≈≈≈≈≈≈≈≈
≈≈≈≈≈≈≈≈≈≈...≈≈≈≈≈≈≈≈≈≈


You could see a sun demon (summoned) and an orc sorcerer.

Vanquished Creatures
  Joseph (D:7)
  A gargoyle (D:5)
  Grinder (D:6)
  A water moccasin (D:6)
  2 black bears
  An ice beast (D:7)
  2 orc warriors
  A sky beast (D:5)
  A hornet zombie (D:4)
  A necrophage (D:7)
  2 phantoms
  2 bullfrogs
  3 scorpions
  A wyvern zombie (D:7)
  2 bullfrog zombies (D:6)
  A bullfrog skeleton (D:5)
  2 hounds
  2 centaur skeletons
  An orc priest (D:8)
  3 jellies
  Crazy Yiuf (D:6)
  5 iguanas
  3 orc wizards
  A howler monkey skeleton (D:5)
  8 gnolls
  5 adders
  2 white imps (D:7)
  A worm (D:3)
  3 dart slugs
  25 orcs
  9 endoplasms
  6 giant cockroaches
  7 goblins
  3 hobgoblins (D:3)
  11 jackals
  2 kobolds
  4 quokkas
  4 ball pythons
  5 bats
  2 frilled lizards (D:1)
  7 rats
145 creatures vanquished.

Vanquished Creatures (others)
  2 plants (D:3)
2 creatures vanquished.

Grand Total: 147 creatures vanquished

Notes
Turn   | Place    | Note
-------+----------+-------------------------------------------
     0 | D:1      | Gwenloh the Minotaur Fighter began the quest for the Orb.
     0 | D:1      | Reached XP level 1. HP: 19/19 MP: 0/0
    73 | D:1      | Found Kiergh's General Store.
   101 | D:1      | Reached skill level 3 in Axes
   129 | D:1      | Reached XP level 2. HP: 26/26 MP: 1/1
   242 | D:1      | Reached skill level 4 in Axes
   750 | D:1      | Reached XP level 3. HP: 31/31 MP: 2/2
   772 | D:1      | Found a faded altar of an unknown god.
   944 | D:1      | Found an opulent altar of Gozag.
  1613 | D:2      | Reached skill level 5 in Axes
  2016 | D:2      | Reached XP level 4. HP: 39/39 MP: 3/3
  2143 | D:1      | Bought a potion of curing for 36 gold pieces
  2535 | D:3      | Reached skill level 6 in Axes
  2697 | D:3      | Noticed a bullfrog
  2710 | D:3      | Killed a bullfrog
  2711 | D:3      | Reached XP level 5. HP: 12/45 MP: 4/4
  2989 | D:3      | Reached skill level 7 in Axes
  3534 | D:4      | Reached XP level 6. HP: 43/51 MP: 5/5
  3689 | D:4      | Reached skill level 8 in Axes
  3874 | D:4      | Reached skill level 9 in Axes
  3907 | D:4      | Reached XP level 7. HP: 55/57 MP: 6/6
  4336 | D:5      | Entered Level 5 of the Dungeon
  4534 | D:5      | Noticed sanka's ghost (novice OpMo)
  4543 | D:5      | Found a runed translucent gate.
  4543 | D:5      | Found a runed translucent gate.
  4543 | D:5      | Found a runed translucent gate.
  4609 | D:5      | Noticed a gargoyle
  4615 | D:5      | Killed a gargoyle
  4616 | D:5      | Reached skill level 10 in Axes
  4670 | D:5      | Reached skill level 11 in Axes
  4670 | D:5      | Reached XP level 8. HP: 64/64 MP: 7/7
  5592 | D:6      | Reached skill level 12 in Axes
  5837 | D:6      | Found a shadowy altar of Dithmenos.
  6439 | D:6      | Noticed Grinder
  6448 | D:6      | Killed Grinder
  6449 | D:6      | Reached skill level 13 in Axes
  6506 | D:6      | Found an iron altar of Okawaru.
  6506 | D:6      | Found a bloodstained altar of Trog.
  6589 | D:6      | Reached XP level 9. HP: 31/72 MP: 8/8
  6959 | D:6      | Found a runed translucent door.
  6960 | D:6      | Noticed Crazy Yiuf
  6998 | D:6      | Killed Crazy Yiuf
  7118 | D:7      | Found a staircase to the Ecumenical Temple.
  7142 | Temple   | Entered the Ecumenical Temple
  7324 | Temple   | Became a worshipper of Uskayaw the Reveller
  7356 | D:7      | Reached * piety under Uskayaw
  7360 | D:7      | Reached ** piety under Uskayaw
  7466 | D:7      | Reached *** piety under Uskayaw
  7780 | D:7      | Noticed Joseph
  7805 | D:7      | Killed Joseph
  7806 | D:7      | Reached skill level 5 in Fighting
  7806 | D:7      | Reached skill level 5 in Armour
  7806 | D:7      | Reached skill level 5 in Shields
  8306 | D:7      | Found a blossoming altar of Fedhas.
  8417 | D:8      | Found a flagged portal.
  8423 | D:8      | Noticed Pikel
  8425 | Bailey   | Entered a bailey
  8566 | Bailey   | Noticed an orc sorcerer
  8567 | Bailey   | Noticed a smoke demon
  8585 | Bailey   | Paralysed by an orc sorcerer for 7 turns
  8597 | Bailey   | Noticed a sun demon
  8598 | Bailey   | Paralysed by an orc sorcerer for 4 turns
  8599 | Bailey   | Mangled by a sun demon

Illustrated notes

Levels and vault maps discovered:
D:1:      dpeg_arrival_water_altar, layout_rooms, serial_shops, shop,
          shapermc_ecumenical_altar_venn, hex_intersection
D:2:      layout_loops_corners
D:3:      layout_rooms, portal_sewer_entry_f, serial_bayou_lake_a
D:4:      layout_basic
D:5:      layout_basic, gammafunk_ghost_split
D:6:      layout_gridville, grunt_temple_overflow_bloody_war,
          nicolae_dithmenos_shadow_blocks, minmay_door_square,
          uniq_crazy_yiuf_cottage, uniq_grinder
D:7:      layout_loops_ring, marbit_many_paths, minmay_temple_entry_ruins,
          chequers_serial_rivers_micro_d, uniq_joseph
D:8:      layout_basic, grunt_temple_overflow_open, serial_shops, shop,
          enter_bailey_2, gammafunk_ghost_arena, gup_ossuary_entry_pyramid,
          uniq_pikel
Temple:   chequers_temple_sunken
Bailey:   bailey_axe_of_yendor_kennysheep, bailey

Skill      XL: |  1  2  3  4  5  6  7  8  9 |
---------------+----------------------------+-----
Axes           | 3 4 5 6 7 9 11 13 | 13.7
Fighting       | 4 5 |  5.5
Armour         | 4 5 |  5.5
Shields        | 4 5 |  5.5

Action                   |  1- 3 |  4- 6 |  7- 9 || total
-------------------------+-------+-------+-------++-------
Melee: War axe           |    73 |   110 |   143 ||   326
       Headbutt          |    17 |    10 |    38 ||    65
Throw: Stone             |    71 |    22 |       ||    93
       Boomerang         |       |    17 |    18 ||    35
       Dart              |       |    39 |    62 ||   101
Invok: Stomp             |       |       |     8 ||     8
       Line Pass         |       |       |     3 ||     3
Evoke: Wand              |       |       |     5 ||     5
  Use: Scroll            |       |       |    12 ||    12
       Potion            |       |       |     2 ||     2
 Stab: Confused          |       |       |     1 ||     1
Armor: Scale mail        |    22 |    40 |    38 ||   100
Dodge: Dodged            |    19 |    40 |    47 ||   106
Block: Kite shield       |    33 |    23 |       ||    56
       Buckler           |       |    17 |    42 ||    59

Table legend: (Time is in decaauts)
 A = Elapsed time spent in this place.
 B = Non-inter-level travel time spent in this place.
 C = Inter-level travel time spent in this place.
 D = Time resting spent in this place.
 E = Time spent auto-exploring this place.
 F = Levels seen in this place.
 G = Mean time per level.
                   A        B        C        D        E       F      G
               +--------+--------+--------+--------+--------+-----+--------+
         Total |   8791 |   8515 |    276 |    164 |   7036 |  10 |  879.1 |
       Dungeon |   8372 |   8111 |    261 |    117 |   6817 |   8 | 1046.5 |
        Temple |    248 |    234 |     14 |      0 |    219 |   1 |  248.0 |
        Bailey |    169 |    169 |      0 |     47 |      0 |   1 |  169.0 |
               +--------+--------+--------+--------+--------+-----+--------+

Top non-repeatable levels by time:
     D:6: 1672 daAuts
     D:2: 1337 daAuts
     D:3: 1139 daAuts
     D:7: 1089 daAuts
     D:5: 1052 daAuts
     D:1: 1040 daAuts
     D:4: 969 daAuts
  Temple: 248 daAuts
  Bailey: 169 daAuts
     D:8: 70 daAuts
